 Dungeon Crawl Stone Soup version 0.29-a0-923-g6e406bff71 (webtiles) character file.

Game seed: 5193001383543651861

29 mathmaestro the Grave Robber (level 3, 0/26 HPs)
             Began as a Demonspawn Necromancer on July 27, 2022.
             Slain by a goblin
             ... wielding a +0 dagger
              (1 damage)
             ... on level 1 of the Dungeon.
             The game lasted 00:02:03 (726 turns).

mathmaestro the Grave Robber (DsNe)                  Turns: 726, Time: 00:02:03

Health: 0/26       AC:  3    Str:  8    XL:     3   Next: 1%
Magic:  2/6        EV: 12    Int: 18    God:
Gold:   63         SH:  0    Dex: 13    Spells: 5/6 levels left

rFire   . . .      SeeInvis .   d - +4 short sword (drain)
rCold   . . .      Faith    .   (no shield)
rNeg    . . .      Spirit   .   a - +0 robe
rPois   .          Reflect  .   (no helmet)
rElec   .          Harm     .   (no cloak)
rCorr   .          Rampage  .   (no gloves)
Will    .....                   (no boots)
Stlth   ++........              (no amulet)
HPRegen 0.08/turn               (no ring)
MPRegen 0.10/turn               (no ring)

@: no status effects
A: hooves 1, rugged brown scales 1
a: no special abilities


You were on level 1 of the Dungeon.
You visited 1 branch of the dungeon, and saw 1 of its levels.

You collected 63 gold pieces.

Inventory:

Hand Weapons
 d - a +4 short sword of draining (weapon)
Armour
 a - a +0 robe (worn)
Jewellery
 c - a +6 ring of intelligence
Scrolls
 f - a scroll of immolation {unknown}
 g - 2 scrolls of identify {unknown}
 j - a scroll of summoning {unknown}
Potions
 b - a potion of magic
 e - a potion of resistance {unknown}
 h - a potion of might {unknown}
 i - a potion of curing


   Skills:
 + Level 1.1 Fighting
 + Level 0.4 Armour
 - Level 2.0 Dodging
 - Level 2.0 Stealth
 + Level 2.3 Spellcasting
 + Level 4.6 Necromancy


You had 5 spell levels left.
You knew the following spells:

 Your Spells              Type           Power      Damage    Failure   Level
a - Necrotise             Necr           72%        1d7       2%          1

Your spell library contained the following spells:

 Spells                   Type           Power      Damage    Failure   Level
 Vampiric Draining        Necr           18%        2d7       8%          3
 Animate Dead             Necr           18%        N/A       26%         4
 Agony                    Necr           18%        N/A       56%         5


Dungeon Overview and Level Annotations

Branches:
Dungeon (1/15)

Altars:


Innate Abilities, Weirdness & Mutations

You have large cloven feet.
You are partially covered in rugged brown scales. (AC +1, +3% HP)


Message History

The endoplasm hits you. The goblin hits you with a +0 dagger.
The bat closely misses you. The endoplasm freezes you.
You are frozen.
* * * LOW HITPOINT WARNING * * *
The bat hits you but does no damage.
You see here a +0 club.
Unknown command.
The bat barely misses you.
It was a potion of curing.
You feel better. The endoplasm freezes you.
You are frozen.
* * * LOW HITPOINT WARNING * * *
You hit the endoplasm.
You kill the endoplasm!
Your magical contamination has completely faded away.
You have reached level 3!
Your experience leads to an increase in your attributes!
Increase (S)trength, (I)ntelligence, or (D)exterity?
You feel clever. x2; Your demonic ancestry asserts itself...
Rugged brown scales grow over part of your body.
You hit the frilled lizard.
You kill the frilled lizard!
The goblin hits you with a +0 dagger.
* * * LOW HITPOINT WARNING * * *
You barely miss the goblin. Your kick misses the goblin.
The goblin completely misses you.
Casting: Necrotise (safe; 2% risk of failure)
Confirm with . or Enter, or press ? or * to list all spells.
Aiming: Necrotise (safe; 2% risk of failure)
Press: ? - help, Shift-Dir - straight line, f - goblin
Aim: a goblin, wielding a +0 dagger (chance to affect: 88%)
The goblin barely resists.
The goblin barely misses you.
Casting: Necrotise (safe; 2% risk of failure)
Confirm with . or Enter, or press ? or * to list all spells.
Aiming: Necrotise (safe; 2% risk of failure)
Press: ? - help, Shift-Dir - straight line, f/p - goblin
Aim: a goblin, wielding a +0 dagger (chance to affect: 88%)
The goblin barely resists.
The goblin hits you with a +0 dagger.
You die...

.##⌠...⌠##..............
##.######..............#
#.#######..............#
##.##..................#
##.#..##...............####
###...##...................
..###(.......####b).#######
.....####....####g#..#
.............#..@.##.#
..........##...#### .#
.########...|....# .. .#
#....>.....# ###
#######.###......#
#...(...# ###..###
..####### #.##
#############.#
###...##...##.#


You could see a goblin and a bat.

Vanquished Creatures
  3 endoplasms (D:1)
  3 goblins (D:1)
  3 hobgoblins (D:1)
  4 jackals (D:1)
  A kobold (D:1)
  4 quokkas (D:1)
  3 frilled lizards (D:1)
  A rat (D:1)
22 creatures vanquished.

Vanquished Creatures (collateral kills)
  A kobold (D:1)
1 creature vanquished.

Grand Total: 23 creatures vanquished

Notes
Turn   | Place    | Note
-------+----------+-------------------------------------------
     0 | D:1      | mathmaestro the Demonspawn Necromancer began the quest for
                  | the Orb.
     0 | D:1      | Reached XP level 1. HP: 13/13 MP: 3/3
   203 | D:1      | Found a faded altar of an unknown god.
   218 | D:1      | Gained mutation: You have large cloven feet. [demonic
                  | ancestry]
   218 | D:1      | Reached XP level 2. HP: 16/20 MP: 1/5
   470 | D:1      | Reached skill level 1 in Fighting
   723 | D:1      | Gained mutation: You are partially covered in rugged brown
                  | scales. (AC +1, +3% HP) [demonic ancestry]
   723 | D:1      | Reached XP level 3. HP: 2/26 MP: 3/6
   723 | D:1      | HP: 1/26 [goblin/+0 dagger (1)]
   726 | D:1      | Slain by a goblin

Illustrated notes

Levels and vault maps discovered:
D:1:      amcnicky_arrival_gap_in_the_tavern_cellar, layout_rooms,
          shapermc_ecumenical_altar_notcrosses

Skill      XL: |  1  2 |
---------------+-------+-----
Stealth        | 2 |  2.0
Dodging        | 2 |  2.0
Fighting       | 1 |  1.1
Armour         | |  0.4
Spellcasting   | |  2.3
Necromancy     | |  4.6

Action                   || total
-------------------------++-------
Melee: Short sword       ||    26
       Kick              ||     3
 Cast: Necrotise         ||    18
  Use: Potion            ||     1
 Stab: Sleeping          ||     1
Armor: Robe              ||     6
Dodge: Dodged            ||    18

Table legend: (Time is in decaauts)
 A = Elapsed time spent in this place.
 B = Non-inter-level travel time spent in this place.
 C = Inter-level travel time spent in this place.
 D = Time resting spent in this place.
 E = Time spent auto-exploring this place.
 F = Levels seen in this place.
 G = Mean time per level.
                   A        B        C        D        E       F      G
               +--------+--------+--------+--------+--------+-----+--------+
         Total |    728 |    728 |      0 |    213 |    336 |   1 |  728.0 |
       Dungeon |    728 |    728 |      0 |    213 |    336 |   1 |  728.0 |
               +--------+--------+--------+--------+--------+-----+--------+

Top non-repeatable levels by time:
     D:1: 728 daAuts
